 Dungeon Crawl Stone Soup version 0.31.0-9-g3a7656b989 (webtiles) character file.

Game seed: 16294260057538654711

4866 shadowrider38 the Placeless Armataur (level 10, -10/77 HPs)
             Began as an Armataur Conjurer on Jan 24, 2024.
             Was a Follower of Cheibriados.
             Mangled by a wyvern (16 damage)
             ... on level 9 of the Dungeon.
             The game lasted 00:23:20 (3178 turns).

shadowrider38 the Placeless Armataur (AtCj)         Turns: 3178, Time: 00:23:21

Health: -10/77     AC:  5    Str: 16    XL:     10   Next: 26%
Magic:  2/18       EV:  9    Int: 26    God:    Cheibriados [*.....]
Gold:   318        SH:  5    Dex: 17    Spells: 13/20 levels left

rFire   . . .        a - +0 dagger (venom)
rCold   . . .        (no shield)
rNeg    . . .        j - +1 leather armour
rPois   .            (no helmet)
rElec   .            (no cloak)
rCorr   .            (no gloves)
SInv    .            (no barding)
Will    .....        l - amulet of reflection
Stlth   ++           k - +6 ring of dexterity
HPRegen 2.27/turn    (no ring)
MPRegen 1.15/turn

%: reflection, roll
@: very slow
A: large, deformed body, tough skin 3, armoured tail, roll 2
a: Renounce Religion, Bend Time


You were on level 9 of the Dungeon.
You worshipped Cheibriados.
Cheibriados was aware of your devotion.
You visited 2 branches of the dungeon, and saw 10 of its levels.

You collected 383 gold pieces.
You spent 65 gold pieces at shops.

Inventory:

Hand Weapons
 a - a +0 dagger of venom (weapon)
 p - a +0 rapier
Missiles
 v - 7 javelins
Armour
 i - the +10 scale mail "Duoc" {Will+ Slay+3}
   (You found it on level 5 of the Dungeon)

   Slay+3:    It affects your accuracy & damage with ranged weapons and melee
   (+3).
   Will+:     It increases your willpower.
 j - a +1 leather armour (worn)
Jewellery
 k - a +6 ring of dexterity (left hand)
 l - an amulet of reflection (around neck)
Talismans
 g - a blade talisman
Wands
 P - a wand of paralysis (4)
Scrolls
 c - 2 scrolls of enchant weapon
 d - a scroll of immolation {unknown}
 e - 3 scrolls of noise
 m - a scroll of silence {!r}
 r - 3 scrolls of vulnerability
 s - a scroll of fog {unknown}
 T - a scroll of teleportation
Potions
 b - a potion of magic
 f - 2 potions of brilliance
 h - a potion of enlightenment
 n - a potion of mutation
 o - 3 potions of heal wounds
 q - 2 potions of experience {unknown}
 t - 2 potions of attraction {unknown}
 Q - 2 potions of curing


   Skills:
 - Level 3.0 Fighting
 - Level 1.3 Dodging
 - Level 2.1 Stealth
 + Level 5.8 Spellcasting
 + Level 9.2 Conjurations
 + Level 9.4 Translocations


You had 13 spell levels left.
You knew the following spells:

 Your Spells              Type           Power      Damage    Failure   Level
a - Magic Dart            Conj           100%       1d8       1%          1
b - Searing Ray           Conj           100%       2d8       1%          2
c - Iskenderun's Mystic   Conj/Tloc      54%        2d12      1%          4

Your spell library contained the following spells:

 Spells                   Type           Power      Damage    Failure   Level
 Apportation              Tloc           100%       N/A       1%          1
 Sting                    Conj/Alch      100%       1d9       1%          1
 Dazzling Flash           Conj/Hex       62%        N/A       3%          3
 Mephitic Cloud           Conj/Alch/Air  23%        N/A       8%          3
 Necrotise                Necr           28%        1d5       9%          1
 Summon Small Mammal      Summ           28%        N/A       9%          1
 Mercury Vapours          Alch/Air       14%        N/A       13%         2
 Scorch                   Fire           14%        2d5       13%         2
 Flame Wave               Conj/Fire      31%        2d9       13%         4
 Fulminant Prism          Conj/Alch      15%        3d10      13%         4
 Olgreb's Toxic Radiance  Alch           7%         N/A       65%         4
 Curse of Agony           Necr           7%         N/A       94%         5
 Silence                  Hex/Air        3%         N/A       94%         5
 Summon Cactus Giant      Summ           3%         N/A       100%        6
 Ozocubu's Refrigeration  Ice            3%         4d8       100%        7
 Discord                  Hex            3%         N/A       100%        8


Dungeon Overview and Level Annotations

Branches:
Dungeon (9/15) Zot: 40144  Temple (1/1) D:7 Zot: 8959
   Lair: D:8-11         Orc: D:9-12

Altars:
Ashenzari
Cheibriados
Dithmenos
Elyvilon
Fedhas
Gozag
Hepliaklqana
Kikubaaqudgha
Makhleb
Nemelex Xobeh
Okawaru
Qazlal
Ru
Sif Muna
Trog
Uskayaw
Vehumet
Wu Jian
Xom
Yredelemnul
Zin
The Shining One

Shops:
D:5 (   D:8 !

Annotations:
D:6 2 transporters, Esekla's ghost, novice OpCA
D:7 exclusion: two-headed ogre


Innate Abilities, Weirdness & Mutations

Armour fits poorly on your strangely shaped body.
You have extremely tough skin. (AC +3)
You have a long armoured tail.
You regenerate magic and health when rolling toward enemies. (Rampage Regen)


Message History

Reactivating autopickup.
You feel a bit more experienced.
The mystic blast hits the yak!
You kill the yak!
Cheibriados appreciates the change of pace.
The mystic blast hits the killer bee!
You kill the killer bee!
Cheibriados thoroughly appreciates the change of pace.
You hear an angry hiss.
The centaur wields a +0 orcbow.
The centaur shoots an arrow.
The arrow hits you!
Unknown command.
You roll towards the centaur!
You hit the centaur but do no damage.
The centaur is poisoned.
You tail-slap the centaur, but do no damage.
You punch the centaur, but do no damage.
The wyvern bites you!
The centaur unwields a +0 orcbow.
You block the centaur's attack.
The centaur kicks you but does no damage.
Unknown command.
Casting: Iskenderun's Mystic Blast (dangerous; 1% risk of failure)
Confirm with . or Enter, or press ? or * to list all spells.
You don't have enough magic to cast this spell.
The wyvern bites you but does no damage.
A shadow comes into view.
The centaur barely misses you. The centaur closely misses you.
You see here a killer bee corpse.
Casting: Iskenderun's Mystic Blast (dangerous; 1% risk of failure)
Confirm with . or Enter, or press ? or * to list all spells.
You erupt in a blast of force!
The mystic blast hits the centaur.
The centaur is moderately wounded.
The centaur is knocked back by the mystic blast.
The mystic blast hits the wyvern.
The wyvern is lightly wounded.
The wyvern is knocked back by the mystic blast.
The centaur wields a +0 orcbow.
The centaur shoots an arrow.
The arrow hits you!
* * * LOW HITPOINT WARNING * * *
A wyvern comes into view.
You roll towards the centaur!
The wyvern attacks as it pursues you! You block the wyvern's attack.
The centaur unwields a +0 orcbow.
The centaur hits you.
* * * LOW HITPOINT WARNING * * *
The centaur kicks you but does no damage.
The shadow slips into darkness.
The shadow flickers and vanishes!
Deactivating autopickup; reactivate with Ctrl-A.
The wyvern bites you!
* * * LOW HITPOINT WARNING * * *
The wyvern bites you!
You die...

........... ...........
....### ........... .....
..######### #.#.## ## ..#
#########...#. #.
..#####... ..##...#.# .#
..+.....# #.##)..##. ###†#
.#. .. #..#
#.##.)c##.##..# #...#
..####..#
#.##.@k)##.c#†##.V.oYh
#.....####.##.k{#..#.##yc#
#...........†.))#.#####.##
#...#.#########.##. .#.
+...'........ ..# .# .# #.
#...#.#########.# ###. ##
#...#.# #.# y #...#.# #.#
## #...#.# #.#


You could see 2 wyverns and a centaur (very poisoned).

Vanquished Creatures
  2 wyverns
  A yak (D:9)
  A vampire (D:9)
  6 humans (D:8)
  A steam dragon (D:7)
  An acid dragon (D:9)
  An ice beast (D:5)
  An orc warrior (D:8)
  2 sky beasts
  3 ogres
  3 centaurs
  2 phantoms
  4 bullfrogs
  6 scorpions
  A gnoll sergeant (D:9)
  12 wights
  5 killer bees (D:9)
  3 howler monkeys
  2 bombardier beetles
  A sleepcap (D:6)
  3 hounds
  2 iguanas (D:5)
  8 orc wizards
  3 adders (D:5)
  A shadow imp (D:7)
  2 white imps (D:6)
  A dart slug (D:5)
  3 ribbon worms
  21 orcs
  4 ball pythons (D:1)
  3 bats
  6 endoplasms
  4 giant cockroaches
  14 goblins
  13 hobgoblins
  7 jackals
  6 kobolds
  6 quokkas
  A frilled lizard (D:1)
  4 rats
170 creatures vanquished.

Notes
Turn   | Place    | Note
-------+----------+-------------------------------------------
     0 | D:1      | shadowrider38 the Armataur Conjurer began the quest for the
                  | Orb.
     0 | D:1      | Reached XP level 1. HP: 14/14 MP: 3/3
   120 | D:2      | Reached XP level 2. HP: 20/20 MP: 4/4
   126 | D:2      | Learned a level 2 spell: Searing Ray
   325 | D:1      | Reached XP level 3. HP: 26/26 MP: 4/6
   919 | D:3      | Reached skill level 3 in Translocations
   919 | D:3      | Reached XP level 4. HP: 14/33 MP: 4/7
   926 | D:3      | Learned a level 4 spell: Iskenderun's Mystic Blast
  1221 | D:3      | Found a shimmering altar of Xom.
  1236 | D:4      | Noticed a scorpion
  1243 | D:4      | Killed a scorpion
  1244 | D:4      | Reached XP level 5. HP: 36/38 MP: 6/8
  1255 | D:5      | Entered Level 5 of the Dungeon
  1392 | D:4      | Reached XP level 6. HP: 35/45 MP: 5/9
  1401 | D:4      | Found a stormy altar of Qazlal.
  1668 | D:4      | Gained mutation: You regenerate magic and health when
                  | rolling toward enemies. (Rampage Regen) [Armataur growth]
  1668 | D:4      | Reached XP level 7. HP: 32/50 MP: 0/10
  1848 | D:5      | Found a blossoming altar of Fedhas.
  1848 | D:5      | Found a hide-covered altar of Uskayaw.
  1920 | D:5      | Found Vealee's Weapon Emporium.
  1946 | D:5      | Found a glowing silver altar of Zin.
  1991 | D:5      | Identified the +10 scale mail "Duoc" {Will+ Slay+3}
  2060 | D:6      | Reached XP level 8. HP: 56/57 MP: 2/11
  2348 | D:6      | Found a transporter.
  2350 | D:6      | Found a transporter.
  2352 | D:6      | Noticed Esekla's ghost (novice OpCA)
  2352 | D:6      | Noticed a hornet
  2355 | D:6      | Reached skill level 3 in Spellcasting
  2364 | D:6      | Noticed a queen bee
  2500 | D:7      | Found a shimmering blue altar of Sif Muna.
  2517 | D:7      | Reached XP level 9. HP: 28/62 MP: 10/14
  2582 | D:7      | Noticed a two-headed ogre
  2657 | D:7      | Found a basalt altar of Yredelemnul.
  2719 | D:7      | Found a staircase to the Ecumenical Temple.
  2739 | Temple   | Entered the Ecumenical Temple
  2754 | Temple   | Became a worshipper of Cheibriados the Contemplative
  2809 | D:8      | Found Xeck's Distillery.
  2814 | D:8      | Bought a potion of heal wounds for 65 gold pieces
  3001 | D:8      | Reached skill level 3 in Fighting
  3008 | D:8      | Reached skill level 9 in Translocations
  3010 | D:8      | Reached XP level 10. HP: 67/77 MP: 14/18
  3123 | D:9      | Reached * piety under Cheibriados
  3124 | D:9      | Reached skill level 9 in Conjurations
  3178 | D:9      | Mangled by a wyvern

Illustrated notes

Levels and vault maps discovered:
D:1:      evilmike_arrival_rings, layout_loops_corners, st_stairs_5
D:2:      layout_basic
D:3:      layout_basic, xom_butterflies
D:4:      layout_loops_ring, marbit_many_paths
D:5:      layout_gridville, jmf_multi_god_temple, zin_academy, serial_shops,
          nicolae_shop_window_shopping
D:6:      layout_basic, gammafunk_ghost_hive, minmay_pentangle, uniq_edmund
D:7:      nicolae_whirlpool, layout_rooms, nicolae_sif_muna_condensation,
          nicolae_overflow_crystal_walls, minmay_temple_entry_mini_moons
D:8:      layout_basic, serial_corexii_hall, chequers_hall_statues_corner_a,
          corexii_hall_statues_t, serial_shops, nicolae_shop_rolling_square,
          minmay_ruffians
D:9:      layout_basic, dpeg_lair_monsters, zombieorc2_lemuel,
          minmay_the_grid_2x2 [minmay_the_grid_minigrid_large,
          minmay_the_grid_all_tris, minmay_the_grid_x,
          minmay_the_grid_prize_shrinking_boxes]
Temple:   bh_familiar_temple

Skill      XL: |  1  2  3  4  5  6  7  8  9 10 |
---------------+-------------------------------+-----
Translocations | 1 2 3 4 5 6 7 8 9 |  9.4
Spellcasting   | 2 3 5 |  5.8
Conjurations   | 4 5 6 8 9 |  9.2
Fighting       | 3 |  3.0
Dodging        | |  1.3
Stealth        | |  2.1

Action                     |  1- 3 |  4- 6 |  7- 9 | 10-12 || total
---------------------------+-------+-------+-------+-------++-------
  Melee: Unarmed           |     7 |       |       |       ||     7
         Tailslap          |     2 |       |    13 |     3 ||    18
         Dagger            |     8 |     3 |    43 |     6 ||    60
         Rapier            |       |     3 |       |       ||     3
         Punch             |       |       |       |     1 ||     1
   Cast: Magic Dart        |    43 |     9 |     5 |     1 ||    58
         Searing Ray       |    22 |    29 |    19 |       ||    70
         Iskenderun's Myst |       |     1 |    67 |    17 ||    85
  Evoke: Wand              |       |       |     2 |       ||     2
    Use: Scroll            |     1 |     4 |     9 |       ||    14
         Potion            |       |     2 |     1 |       ||     3
   Stab: Sleeping          |       |     2 |     5 |       ||     7
         Paralysed         |       |       |     2 |       ||     2
 Armour: Robe              |    19 |       |       |       ||    19
         Leather armour    |    18 |    37 |   108 |    21 ||   184
  Dodge: Dodged            |    20 |    25 |    60 |    14 ||   119
  Block: Other             |       |       |    17 |     6 ||    23
         Reflection        |       |       |     2 |       ||     2
